 Dungeon Crawl Stone Soup version 0.31-a0-1207-g4ab8c38 (webtiles) character file.

Game seed: 3312105150036359569

2005291 Kearsarge the Shapeless Merfolk (level 27, 249/249 HPs)
             Began as a Merfolk Fighter on Dec 13, 2023.
             Was an Initiate of Gozag.
             Escaped with the Orb
             ... and 3 runes!
             The game lasted 01:23:15 (48894 turns).

Kearsarge the Shapeless Merfolk (Merfolk Fighter)  Turns: 48894, Time: 01:23:15

Health: 249/249    AC: 15    Str: 19    XL:     27
Magic:  32/32      EV: 65    Int: 11    God:    Gozag
Gold:   992        SH:  0    Dex: 25    Spells: 26/26 levels left

rFire   + +          .
                       - Unarmed
rCold   + . .        (shield currently unavailable)
rNeg    + + .        (body armour currently unavailable)
rPois   ∞            (helmet currently unavailable)
rElec   +            (cloak currently unavailable)
rCorr   .            (gloves currently unavailable)
SInv    +            (boots currently unavailable)
Will    +++..        A - amulet "Tikywi" {Spirit ^Fragile rF+ rC+ Dex+4}
Stlth   +++          U - ring "Faguan" {rPois rF+ rN+ MP+9 Str-2}
HPRegen 0.61/turn    T - ring "Tuver" {rPois rN+ Will+ Int+2 SInv}
MPRegen 0.23/turn

%: guardian spirit
@: storm-form, blinkbolt cooldown, flying, studying 3 skills
A: cleaving, insubstantial, flying, (nimble swimmer 2), (mertail), deterioration
1
0: Orb of Zot
}: 3/15 runes: barnacled, silver, gossamer
a: Blinkbolt, Begin Untransformation, Renounce Religion, Potion Petition, Call
Merchant, Bribe Branch


You escaped.
You worshipped Gozag.
Gozag was pleased with you.
You were a lightning-filled tempest!
You visited 10 branches of the dungeon, and saw 48 of its levels.
You visited 1 ziggurat, and saw 9 of its levels.
You also visited: Bailey, Ice Cave and Wizlab.

You collected 31903 gold pieces.
You spent 6573 gold pieces at shops.
You paid 24338 gold pieces to Gozag.

Inventory:

Missiles
 e - 68 poisoned darts
 s - 13 silver javelins
 u - 5 throwing nets
Jewellery
 y - the ring of Qocw {Ice ^Drain rN+ Slay+2}
   (You found it in a wizard's laboratory)

   [ring of ice]

   Ice:       It enhances your ice magic.
   Slay+2:    It affects your accuracy & damage with ranged weapons and melee
   (+2).
   rF-:       It makes you vulnerable to fire.
   rC+:       It protects you from cold.
   rN+:       It protects you from negative energy.
   ^Drain:    It drains your maximum health when unequipped.
 A - the amulet "Tikywi" (around neck) {Spirit ^Fragile rF+ rC+ Dex+4}
   (You acquired it on level 4 of the Realm of Zot)

   [amulet of guardian spirit]

   Spirit:    It causes incoming damage to be divided between your reserves of
   health and magic.
   Dex+4:     It affects your dexterity (+4).
   rF+:       It protects you from fire.
   rC+:       It protects you from cold.
   ^Fragile:  It will be destroyed if unequipped.
 H - the ring "Agiveke" {Fire ^Drain Str+8 Int+2}
   (You found it in a wizard's laboratory)

   [ring of fire]

   Fire:      It enhances your fire magic.
   Str+8:     It affects your strength (+8).
   Int+2:     It affects your intelligence (+2).
   rF+:       It protects you from fire.
   rC-:       It makes you vulnerable to cold.
   ^Drain:    It drains your maximum health when unequipped.
 J - an amulet of regeneration
 L - a ring of protection from cold
 T - the ring "Tuver" (right fist) {rPois rN+ Will+ Int+2 SInv}
   (You bought it in a shop on level 1 of the Vaults)

   [ring of see invisible]

   Int+2:     It affects your intelligence (+2).
   rPois:     It protects you from poison rN+: It protects you from negative
   energy.
   Will+:     It increases your willpower.
   SInv:      It lets you see invisible.
 U - the ring "Faguan" (left fist) {rPois rF+ rN+ MP+9 Str-2}
   (You bought it in a shop on level 1 of the Vaults)

   [ring of magical power]

   Str-2:     It affects your strength (-2).
   rF+:       It protects you from fire.
   rPois:     It protects you from poison rN+: It protects you from negative
   energy.
   MP+9:      It affects your magic capacity (+9).
Talismans
 v - a storm talisman (active)
Wands
 i - a wand of flame (143)
 n - a wand of quicksilver (28)
 q - a wand of roots (37)
 x - a wand of polymorph (30)
 G - a wand of mindburst (37)
 O - a wand of charming (41)
 V - a wand of digging (21)
Scrolls
 a - a scroll of revelation
 h - 11 scrolls of vulnerability
 j - 12 scrolls of poison
 l - 16 scrolls of teleportation
 m - 14 scrolls of amnesia
 p - 8 scrolls of noise
 t - 8 scrolls of enchant armour
 w - 11 scrolls of immolation
 B - 6 scrolls of silence
 F - 4 scrolls of butterflies
 I - 10 scrolls of fog
 M - 4 scrolls of blinking
 N - 2 scrolls of torment
 R - 3 scrolls of fear
 S - 3 scrolls of brand weapon
 W - 7 scrolls of enchant weapon
Potions
 b - 8 potions of heal wounds
 c - 8 potions of cancellation
 d - 6 potions of might
 f - 10 potions of haste
 g - 6 potions of brilliance
 k - 18 potions of curing
 o - 5 potions of lignification
 r - 7 potions of ambrosia
 z - 4 potions of enlightenment
 D - 6 potions of attraction
 E - 8 potions of magic
 K - 11 potions of mutation
 P - a potion of resistance
 X - a potion of invisibility
 Y - 5 potions of berserk rage
Miscellaneous
 C - a condenser vane
 Q - a phial of floods
 Z - a phantom mirror


   Skills:
 O Level 27 Fighting
 - Level 9.1 Polearms
 - Level 2.1 Armour
 O Level 27 Dodging
 + Level 17.8 Stealth
 - Level 3.0 Shields
 O Level 27 Unarmed Combat
 O Level 27 Shapeshifting


You had 26 spell levels left.
You didn't know any spells.
Your spell library contained the following spells:

 Spells                   Type           Power      Damage    Failure   Level
 Freeze                   Ice            0%         1d3       34%         1
 Shock                    Conj/Air       0%         1d3       34%         1
 Slow                     Hex            0%         N/A       34%         1
 Blink                    Tloc           0%         N/A       47%         2
 Cigotuvi's Dreadful Rot  Necr/Pois/Air  0%         N/A       47%         2
 Lesser Beckoning         Tloc           0%         N/A       47%         2
 Poisonous Vapours        Pois/Air       0%         N/A       47%         2
 Confusing Touch          Hex            0%         N/A       71%         3
 Dazzling Flash           Conj/Hex       0%         N/A       71%         3
 Frozen Ramparts          Ice            0%         1d1       71%         3
 Gell's Gravitas          Tloc           0%         N/A       71%         3
 Hailstorm                Conj/Ice       0%         3d5       71%         3
 Ignite Poison            Fire/Tmut/Pois 0%         N/A       71%         3
 Inner Flame              Hex/Fire       0%         N/A       71%         3
 Mephitic Cloud           Conj/Pois/Air  0%         N/A       71%         3
 Ozocubu's Armour         Ice            0%         N/A       71%         3
 Sigil of Binding         Hex            0%         N/A       71%         3
 Summon Guardian Golem    Hex/Summ       0%         N/A       71%         3
 Teleport Other           Tloc           0%         N/A       71%         3
 Tukima's Dance           Hex            0%         N/A       71%         3
 Vampiric Draining        Necr           0%         2d6       71%         3
 Volatile Blastmotes      Fire/Tloc      0%         2d10      71%         3
 Anguish                  Hex/Necr       0%         N/A       98%         4
 Animate Armour           Summ/Erth      0%         N/A       98%         4
 Cause Fear               Hex            0%         N/A       98%         4
 Dimensional Bullseye     Hex/Tloc       0%         N/A       98%         4
 Dispel Undead            Necr           0%         3d6       98%         4
 Flame Wave               Conj/Fire      0%         2d4       98%         4
 Fulminant Prism          Conj/Hex       0%         3d5       98%         4
 Iskenderun's Mystic Bla  Conj/Tloc      0%         2d3       98%         4
 Manifold Assault         Tloc           0%         N/A       98%         4
 Olgreb's Toxic Radiance  Pois           0%         N/A       98%         4
 Petrify                  Tmut/Erth      0%         N/A       98%         4
 Sticky Flame             Conj/Fire      0%         2d3       98%         4
 Summon Ice Beast         Ice/Summ       0%         N/A       98%         4
 Summon Lightning Spire   Summ/Air       0%         N/A       98%         4
 Vhi's Electric Charge    Tloc/Air       0%         N/A       98%         4
 Agony                    Necr           0%         N/A       100%        5
 Alistair's Intoxication  Tmut/Pois      0%         N/A       100%        5
 Borgnjor's Vile Clutch   Necr/Erth      0%         N/A       100%        5
 Freezing Cloud           Conj/Ice/Air   0%         6-21      100%        5
 Irradiate                Conj/Tmut      0%         3d11      100%        5
 Lee's Rapid Deconstruct  Erth           0%         3d4*      100%        5
 Metabolic Englaciation   Hex/Ice        0%         N/A       100%        5
 Silence                  Hex/Air        0%         N/A       100%        5
 Summon Forest            Summ/Tloc      0%         N/A       100%        5
 Summon Mana Viper        Hex/Summ       0%         N/A       100%        5
 Yara's Violent Unravell  Hex/Tmut       0%         3d3       100%        5
 Bombard                  Conj/Erth      0%         9d1       100%        6
 Death Channel            Necr           0%         N/A       100%        6
 Dispersal                Tloc           0%         N/A       100%        6
 Eringya's Noxious Bog    Tmut/Pois      0%         4d6       100%        6
 Summon Cactus Giant      Summ           0%         N/A       100%        6
 Enfeeble                 Hex            0%         N/A       100%        7
 Haunt                    Necr/Summ      0%         N/A       100%        7
 Malign Gateway           Summ/Tloc      0%         N/A       100%        7
 Monstrous Menagerie      Summ           0%         N/A       100%        7
 Orb of Destruction       Conj           0%         9d5       100%        7
 Ozocubu's Refrigeration  Ice            0%         4d7       100%        7
 Spellforged Servitor     Conj/Summ      0%         N/A       100%        7
 Borgnjor's Revivificati  Necr           0%         N/A       100%        8
 Disjunction              Tloc           0%         N/A       100%        8
 Summon Horrible Things   Summ           0%         N/A       100%        8
 Chain Lightning          Conj/Air       0%         N/A       100%        9
 Death's Door             Necr           0%         N/A       100%        9
 Fire Storm               Conj/Fire      0%         5d1       100%        9
 Polar Vortex             Ice            0%         N/A       100%        9
 Shatter                  Erth           0%         3d5*      100%        9
 Sublimation of Blood     Necr           Unusable   N/A       N/A         2
 Animate Dead             Necr           Unusable   N/A       N/A         4
 Simulacrum               Ice/Necr       Unusable   N/A       N/A         6

Dungeon Overview and Level Annotations

Branches:
Dungeon (15/15)            Temple (1/1) D:4            Lair (5/5) D:10
 Shoals (4/4) Lair:3       Spider (4/4) Lair:3        Slime (0/5) Lair:5
    Orc (2/2) D:10            Elf (3/3) Orc:2        Vaults (5/5) D:13
  Crypt (0/3) Vaults:2     Depths (4/4) D:15            Zot (5/5) Depths:4
 Bailey (visited)           IceCv (visited)          WizLab (visited)

Altars:
Ashenzari
Dithmenos
Elyvilon
Fedhas
Gozag
Hepliaklqana
Kikubaaqudgha
Makhleb
Nemelex Xobeh
Okawaru
Qazlal
Ru
Sif Muna
Trog
Uskayaw
Vehumet
Xom
Yredelemnul
Zin
The Shining One
Jiyva
Lugonu

Shops:
D:2 *   D:7 **   D:12 ?*   D:14 =   Orc:2 *:(*   Elf:2 !?**   Elf:3 *
Lair:2 !   Shoals:1 [   Shoals:2 :   Shoals:4 ((   Spider:4 :   Vaults:1 =[
Vaults:2 [(*?(=   Vaults:4 [**!!   Depths:1 ??[   Depths:2 (*   Depths:4 ?:

Portals:
Hell: Depths:1 Depths:2 Depths:3 Depths:4
Abyss: Depths:1 Depths:2 Depths:3 Depths:4
Pandemonium: Depths:1 Depths:2

Annotations:
D:4 2 transporters
D:5 2 runed translucent doors
D:10 3 runed translucent doors
Elf:2 3 runed translucent doors
Depths:2 1 transporter
Depths:3 3 runed translucent doors, Anlups's ghost, veteran SpHu; Picukuw's ghost, veteran MfSu


Innate Abilities, Weirdness & Mutations

You are a lightning-filled tempest!
Your electrical attacks strike out in all directions at once.
You are incredibly evasive.
Your insubstantial body is immune to petrification, constriction, and being set on fire You are flying.
Your armour is entirely melded.
You are incapable of wielding weapons or throwing items.
You are immune to poison.
((You are very nimble when in or above water. (Stealth+, EV+, Speed+++)))
((Your lower body shifts to a powerful aquatic tail in water.))
Your body sometimes deteriorates upon taking damage.


Message History

You barely miss the cherub. You punch the cherub.
You kill the cherub!
You feel your intelligence returning.
You now have 992 gold pieces (gained 7).
Items here: )) [[.
What level of the Dungeon? (default 1, ? - help)
There is an open door here.
There is a stone staircase leading up here.
You fly upwards.
There is a stone staircase leading down here.
You feel energetic enough to blinkbolt again.
There is a stone staircase leading up here.
You fly upwards.
There is a stone staircase leading down here.
HP restored.
There is a stone staircase leading up here.
You fly upwards.
There is a stone staircase leading down here.
As you read the scroll of teleportation, it crumbles to dust.
You feel strangely unstable.
You feel the Orb delaying your translocation!
You start waiting.
A Brimstone Fiend comes into view.
The shock of your passage misses the Brimstone Fiend.
You blink.
Your surroundings suddenly seem different.
No target in view!
Blink to where?
Press: ? - help, Q - select action, (/) - cycle Dir - move target
As you read the scroll of blinking, it crumbles to dust.
Blink to where?
Press: ? - help, Q - select action, (/) - cycle Dir - move target
As you read the scroll of blinking, it crumbles to dust.
Blink to where?
Press: ? - help, Q - select action, (/) - cycle Dir - move target
As you read the scroll of blinking, it crumbles to dust.
Blink to where?
Press: ? - help, Q - select action, (/) - cycle Dir - move target
As you read the scroll of blinking, it crumbles to dust.
You have escaped!

#.# #.# #.#
################ ##.#
#..............# ##.^#
#..............# ##.##
#..............# ...#
#..#####.>.##..# ...###
#..# #...##..# .....#
#..# #.......# =....#
#..# #.v.....# .....#
#..# #.......#
.....###..# #..###..#
.......#..#####..# #..#
...>.#.#.........# #..#
###....#.........###..#
#.####..............#
###.# #..####........#
.##.####..# #........#


There were no monsters in sight!

Vanquished Creatures
  2 dread liches
  An ancient lich (Vaults:5)
  Frederick (Vaults:3)
  2 juggernauts (Depths:4)
  5 pandemonium lords
  Bai Suzhen (Depths:1)
  A Killer Klown (Zot:3)
  Saint Roka (Vaults:5)
  A curse toe (Zot:4)
  13 golden dragons
  2 bone dragons
  Norris (Depths:1)
  Arachne (Spider:4)
  A Tzitzimitl (Zot:1)
  4 electric golems
  A Hell Sentinel (D:14)
  5 liches
  3 Ice Fiends
  Rupert (D:13)
  15 tentacled monstrosities
  8 Orb Guardians
  2 deep elf blademasters (Elf:3)
  Asterion (Elf:3)
  Mlioglotl (Spider:1)
  A walking divine tome (Depths:3)
  3 titans
  3 quicksilver dragons
  2 deep elf master archers (Elf:3)
  10 sphinxes
  7 death cobs
  A walking frostbound tome (Depths:2)
  Kirke (Spider:4)
  13 shadow dragons
  9 tengu reavers
  7 storm dragons
  Ilsuiw (Shoals:3)
  6 draconian monks
  Aizul (Vaults:2)
  Donald (Shoals:3)
  4 draconian knights (Zot:1)
  A demonspawn warmonger (D:14)
  10 fire giants
  11 frost giants
  4 deep elf sorcerers
  8 emperor scorpions
  20 vault wardens
  2 iron dragons
  7 ghost moths
  5 draconian scorchers
  4 draconian stormcallers
  3 deep elf elementalists (Elf:3)
  A balrug (D:14)
  3 draconian shifters
  25 ironbound preservers
  6 draconian annihilators
  4 spriggan defenders (Depths:3)
  4 reapers
  3 orc warlords
  4 broodmothers
  2 angels (WizLab)
  3 war gargoyles
  14 very ugly things
  6 formless jellyfish
  21 stone giants
  A vampire knight (Depths:1)
  An eleionoma (Zig:7)
  22 ironbound thunderhulks
  6 deep elf demonologists
  17 green draconians
  13 black draconians
  A bunyip (Zig:7)
  4 spark wasps
  8 white draconians
  12 yellow draconians
  6 dire elephants
  10 red draconians
  Azrael (Spider:3)
  7 deep elf annihilators
  8 purple draconians
  6 merfolk javelineers
  15 ettins
  9 deep elf death magi
  A blizzard demon (Zig:5)
  A green death (Zig:9)
  11 fire dragons
  3 entropy weavers
  8 yaktaur captains
  2 shambling mangroves (Zig:7)
  5 crystal guardians
  11 merfolk impalers
  5 deep elf high priests
  5 ice dragons
  48 vault guards
  8 great orbs of eyes
  A hell beast (Depths:1)
  An entropy weaver (shapeshifter) (Depths:3)
  6 hydras
  9 peacekeepers
  A sphinx zombie (Depths:3)
  11 rakshasas
  3 catoblepae
  A caustic shrike simulacrum (Depths:3)
  A jorogumo (shapeshifter) (Depths:2)
  12 ironbound frosthearts
  4 ogre magi
  7 spriggan air magi
  5 alligator snapping turtles
  2 radroaches (Spider:4)
  12 centaur warriors
  2 jorogumos
  2 merfolk aquamancers
  7 merfolk avatars
  7 two-headed ogres
  3 boulder beetles
  10 death scarabs (Spider:4)
  10 deep troll shamans (Depths:2)
  5 satyrs
  2 death knights (Vaults:2)
  7 spriggan berserkers
  6 tengu warriors
  5 deep troll earth magi
  14 dancing weapons
  4 orc high priests
  2 occultists
  2 demonic crawlers
  A vampire mage (Depths:4)
  A hell hog (Lair:5)
  2 hell knights
  A spectral emperor scorpion (Spider:4)
  2 sun demons (D:14)
  A wretched star (Zig:9)
  6 spriggans
  A shock serpent (Zig:4)
  22 deep elf knights
  2 shadow wraiths (Vaults:5)
  A skyshark (shapeshifter) (Depths:2)
  5 pharaoh ants
  12 sea snakes
  10 skysharks
  Lodul (D:10)
  2 iron trolls (Depths:2)
  A goliath frog (Zig:7)
  5 bog bodies
  2 sun moths
  6 skeletal warriors
  A glowing orange brain (Depths:2)
  An obsidian statue (IceCv)
  56 deep trolls
  12 orb spiders
  A shadow demon (Depths:1)
  A flayed ghost (Depths:3)
  An orb spider (shapeshifter) (Depths:2)
  2 swamp dragons (Zig:7)
  9 arcanists
  A cherub (D:4)
  2 orange crystal statues
  2 spriggan simulacra (IceCv)
  2 spectral wolf spiders (Spider:4)
  A wolf spider zombie (Spider:4)
  10 ironbound convokers
  7 steelbarb worms
  13 orc knights
  24 deep elf pyromancers
  4 necromancers
  2 phantasmal warriors (Vaults:5)
  32 harpies
  25 deep elf zephyrmancers
  8 deep elf archers
  13 wolf spiders
  16 fauns
  A shadow dragon skeleton (Depths:3)
  7 lindwurms
  6 orc sorcerers
  A fire giant zombie (Vaults:2)
  A salamander (WizLab)
  A faun (shapeshifter) (Vaults:5)
  45 ugly things
  19 manticores
  6 elephants
  6 cyclopes
  A salamander (shapeshifter) (Vaults:5)
  7 large abominations
  20 moths of wrath
  2 guardian serpents (Depths:2)
  4 black mambas
  12 merfolk sirens
  2 kobold blastminers (Orc:2)
  25 vault sentinels
  8 smoke demons
  8 water nymphs
  8 gargoyles
  3 molten gargoyles (WizLab)
  An orange demon (D:10)
  A redback zombie (Spider:4)
  4 torpor snails
  A kobold demonologist (D:10)
  3 rime drakes
  3 human zombies
  11 cane toads
  A yaktaur zombie (Vaults:2)
  5 unseen horrors
  Maggie (D:9)
  A spectral redback (Spider:4)
  A komodo dragon (shapeshifter) (Vaults:5)
  4 tormentors
  3 anaconda simulacra (IceCv)
  6 komodo dragons
  Psyche (D:8)
  12 freezing wraiths
  39 yaktaurs
  5 ice devils
  29 merfolk
  An ancient zyme (Zig:9)
  3 meliai (D:14)
  4 hellwings
  12 hornets
  A queen bee (shapeshifter) (D:13)
  13 polar bears
  Prince Ribbit (D:8)
  4 trolls
  6 glass eyes
  2 spectral culicivoras (Spider:4)
  3 spectral tarantellas (Spider:4)
  4 spectral jumping spiders (Spider:4)
  A dream sheep (shapeshifter) (Vaults:5)
  11 dream sheep
  24 tarantellas
  2 tarantella zombies (Spider:4)
  A stone giant simulacrum (Vaults:2)
  15 snapping turtles
  4 wind drakes
  9 raiju
  An iron dragon simulacrum (Depths:3)
  A snapping turtle (shapeshifter) (Depths:2)
  16 blink frogs
  4 air elementals
  20 jumping spiders
  33 slime creatures
  13 culicivoras
  3 shadows
  A wraith (D:11)
  3 wyverns
  A vampire (D:12)
  10 water elementals
  2 starcursed masses (Zig:9)
  30 yaks
  10 fire elementals
  3 hogs (Spider:4)
  8 basilisks
  5 golden eyes (D:14)
  3 minotaur simulacra (IceCv)
  A steam dragon (Lair:1)
  5 vampire mosquitoes
  A neqoxec (Depths:3)
  44 redbacks
  9 small abominations
  3 chaos spawn (Depths:3)
  A warg (shapeshifter) (D:14)
  7 wargs
  15 water moccasins
  13 hell hounds
  28 orc warriors
  2 sky beasts (D:7)
  2 ice beasts
  21 ogres
  13 black bears
  34 wolves
  7 boggarts
  11 centaurs
  2 phantoms (D:10)
  5 kobold brigands
  Blork the orc (D:5)
  17 bullfrogs
  4 scorpions
  2 deep troll simulacra (IceCv)
  5 earth elementals
  7 wights
  Dowan (D:4)
  A troll zombie (D:10)
  2 lindwurm simulacra (IceCv)
  4 howler monkeys
  2 electric eels
  5 crimson imps
  5 hounds
  A jelly (D:5)
  2 gnoll boudas
  15 orc priests
  A sleepcap (D:8)
  6 iguanas
  23 orc wizards
  2 lightning spires (WizLab)
  7 ogre zombies (D:10)
  22 gnolls
  5 adders
  5 white imps
  2 ufetubi (D:5)
  2 worms
  2 dart slugs
  57 orcs
  9 endoplasms
  2 giant cockroaches
  7 goblins
  8 hobgoblins
  4 quokkas
  5 ball pythons
  3 bats (D:1)
  3 frilled lizards
  3 gnoll skeletons (D:10)
  5 gnoll zombies (D:10)
  32 kobolds
  An orc skeleton (D:10)
  16 orc zombies (D:10)
  A rat (D:2)
2208 creatures vanquished.

Vanquished Creatures (collateral kills)
  3 dread liches (Zot:5)
  6 ancient liches (Zot:5)
  A quicksilver dragon (Zot:5)
  10 Orb Guardians (Zot:5)
  A storm dragon (Zot:5)
  A ghost moth (Zot:5)
  A draconian shifter (Zot:5)
  A white draconian (Zot:5)
  A moth of wrath (Zot:5)
  A gnoll bouda (D:4)
  2 gnolls (D:4)
  A goblin (D:4)
29 creatures vanquished.

Vanquished Creatures (others)
  An ancient lich (Zot:5)
  A Killer Klown (Zot:5)
  5 Orb Guardians (Zot:5)
  A white draconian (Zot:4)
  An ogre mage (Vaults:5)
  Erica (D:8)
  A dancing weapon (Elf:2)
  A skyshark (Shoals:3)
  A skeletal warrior (D:15)
  A deep elf zephyrmancer (Elf:1)
  A moth of wrath (Zot:5)
  A red devil (Zot:5)
  A human (Spider:4)
  Duvessa (D:4)
  A centaur (D:4)
  A scorpion (D:5)
  An iguana (D:5)
  A gnoll (D:4)
22 creatures vanquished.

Grand Total: 2259 creatures vanquished

Notes
Turn   | Place    | Note
-------+----------+-------------------------------------------
     0 | D:1      | Kearsarge the Merfolk Fighter began the quest for the Orb.
     0 | D:1      | Reached XP level 1. HP: 18/18 MP: 1/1
   402 | D:1      | Reached XP level 2. HP: 24/24 MP: 2/2
   576 | D:1      | Found a faded altar of an unknown god.
   908 | D:2      | Found Cihiru's General Store.
   919 | D:2      | Reached XP level 3. HP: 27/30 MP: 3/3
   933 | D:2      | Bought a scroll of identify for 26 gold pieces
  1462 | D:3      | Reached XP level 4. HP: 37/37 MP: 4/4
  1501 | D:3      | Noticed a scorpion
  1510 | D:3      | Killed a scorpion
  1511 | D:3      | Reached skill level 5 in Polearms
  1511 | D:3      | Reached XP level 5. HP: 43/43 MP: 5/5
  1684 | D:3      | Found a shimmering blue altar of Sif Muna.
  1821 | D:3      | Found a burning altar of Makhleb.
  1834 | D:3      | Found a radiant altar of Vehumet.
  2134 | D:4      | Noticed Duvessa
  2134 | D:4      | Noticed Dowan
  2340 | D:4      | Found a staircase to the Ecumenical Temple.
  2391 | D:4      | Found an iron altar of Okawaru.
  2423 | Temple   | Entered the Ecumenical Temple
  2429 | D:4      | Found a transporter.
  2434 | D:4      | Noticed a centaur
  2440 | D:4      | Reached XP level 6. HP: 49/50 MP: 6/6
  2450 | D:4      | Reached skill level 5 in Fighting
  2563 | D:4      | Your ally Duvessa died
  2622 | D:4      | Found a transporter.
  2876 | D:4      | Found a hide-covered altar of Uskayaw.
  3087 | D:5      | Entered Level 5 of the Dungeon
  3096 | D:5      | Reached XP level 7. HP: 56/56 MP: 7/7
  3377 | D:5      | Found a runed translucent door.
  3378 | D:5      | Found a runed translucent door.
  3597 | D:5      | Reached skill level 1 in Shapeshifting
  3950 | D:5      | Reached XP level 8. HP: 35/64 MP: 8/8
  4056 | D:5      | Noticed Blork the orc
  4063 | D:5      | Killed Blork the orc
  4086 | D:5      | Reached skill level 5 in Shapeshifting
  4760 | D:6      | Found a white marble altar of Elyvilon.
  5213 | D:6      | Reached XP level 9. HP: 69/69 MP: 9/9
  5661 | D:7      | Found Gozag's Platinum Reserve.
  5666 | D:7      | Found an opulent altar of Gozag.
  5669 | D:7      | Noticed Jeremiah
  5670 | D:7      | Jeremiah changed into Jeremiah the polar bear
  5670 | D:7      | Noticed Jeremiah
  5684 | D:7      | Killed Jeremiah the polar bear
  5685 | D:7      | Reached skill level 10 in Shapeshifting
  5705 | D:7      | Found Utwy's Assorted Antiques.
  5714 | D:7      | Became a worshipper of Gozag Ym Sagoz the Greedy
  5730 | D:7      | Bought a potion of curing for 69 gold pieces
  5730 | D:7      | Bought a scroll of identify for 46 gold pieces
  5730 | D:7      | Bought a scroll of teleportation for 69 gold pieces
  5730 | D:7      | Bought a scroll labelled UPSEMU VAGI for 23 gold pieces
  5814 | D:7      | Found a flagged portal.
  5831 | Bailey   | Entered a bailey
  6990 | D:2      | Bought a scroll of revelation for 97 gold pieces
  6990 | D:2      | Bought a scroll of identify for 26 gold pieces
  6990 | D:2      | Bought a scroll of blinking for 97 gold pieces
  6990 | D:2      | Bought a scroll of brand weapon for 123 gold pieces
  7087 | D:4      | Killed Dowan
  7547 | D:7      | Reached XP level 10. HP: 70/76 MP: 10/10
  7591 | D:7      | Found a glowing silver altar of Zin.
  7814 | D:8      | Reached skill level 1 in Dodging
  7876 | D:8      | Noticed Erica
  7878 | D:8      | Noticed Psyche
  7885 | D:8      | Killed Erica
  7891 | D:8      | Killed Psyche
  8432 | D:8      | Found a broken altar of Ashenzari.
  8615 | D:8      | Noticed Prince Ribbit
  8628 | D:8      | Killed Prince Ribbit
  8903 | D:9      | Noticed Maggie
  8913 | D:9      | Killed Maggie
  9686 | D:10     | Entered Level 10 of the Dungeon
  9832 | D:10     | Found a staircase to the Orcish Mines.
  9921 | D:10     | Noticed a centaur warrior
  9939 | D:10     | Killed a centaur warrior
  9940 | D:10     | Reached skill level 15 in Shapeshifting
  9940 | D:10     | Reached XP level 11. HP: 45/84 MP: 11/11
  9951 | D:10     | Noticed a boulder beetle
 10121 | D:10     | Killed a boulder beetle
 10386 | D:10     | Noticed Lodul
 10520 | D:10     | Found a staircase to the Lair.
 10525 | D:10     | Found a runed translucent gate.
 10525 | D:10     | Found a runed translucent gate.
 10525 | D:10     | Found a runed translucent gate.
 10529 | D:10     | Noticed a green ugly thing
 10530 | D:10     | Noticed a green ugly thing
 10532 | D:10     | Noticed a brown ugly thing
 10532 | D:10     | Noticed a glowing orange brain
 10533 | D:10     | Noticed a red ugly thing
 10533 | D:10     | Noticed a green ugly thing
 10538 | D:10     | a glowing orange brain changed into a yak
 10545 | D:10     | Noticed a two-headed ogre
 10549 | D:10     | Noticed Urug
 10621 | D:10     | Urug changed into Urug the elephant
 10621 | D:10     | Noticed Urug
 10638 | D:10     | Killed Urug the elephant
 10781 | D:10     | Killed a two-headed ogre
 11269 | D:10     | Killed Lodul
 11346 | D:10     | Noticed a shock serpent
 11347 | D:10     | a shock serpent changed into a troll
 11628 | D:10     | a dream sheep changed into a shining eye
 11628 | D:10     | Noticed a shining eye (glowing shapeshifter)
 11632 | D:10     | a shining eye changed into a dream sheep
 11638 | D:10     | a dream sheep changed into a glowing orange brain
 11638 | D:10     | Noticed a glowing orange brain (glowing shapeshifter)
 11824 | D:10     | a torpor snail changed into a manticore
 11824 | D:10     | Noticed a manticore (glowing shapeshifter)
 11827 | D:10     | a manticore changed into a boulder beetle
 11827 | D:10     | Noticed a boulder beetle (glowing shapeshifter)
 11833 | D:10     | a boulder beetle changed into a glass eye
 11835 | D:10     | a glass eye changed into a sea snake
 11835 | D:10     | Noticed a sea snake (glowing shapeshifter)
 11940 | Orc:1    | Entered Level 1 of the Orcish Mines
 12207 | Orc:2    | Entered Level 2 of the Orcish Mines
 12213 | Orc:2    | Found a staircase to the Elven Halls.
 12296 | D:10     | Noticed a glowing orange brain
 12320 | D:10     | a yak changed into a death drake
 12320 | D:10     | Noticed a death drake (glowing shapeshifter)
 12321 | D:10     | a death drake changed into a slime creature
 12331 | D:10     | a slime creature changed into a glowing shapeshifter
 12331 | D:10     | Noticed a glowing shapeshifter (glowing shapeshifter)
 12332 | D:10     | a glowing shapeshifter changed into a snapping turtle
 12385 | D:10     | a killer bee changed into a two-headed ogre
 12385 | D:10     | Noticed a two-headed ogre (glowing shapeshifter)
 12387 | Lair:1   | Entered Level 1 of the Lair of Beasts
 12431 | D:10     | a two-headed ogre changed into a shock serpent
 12431 | D:10     | Noticed a shock serpent (glowing shapeshifter)
 12622 | D:10     | Noticed an anaconda
 12623 | D:10     | an anaconda changed into a steelbarb worm
 12623 | D:10     | Noticed a steelbarb worm (glowing shapeshifter)
 12626 | D:10     | a steelbarb worm changed into a faun
 12626 | D:10     | Noticed a faun (glowing shapeshifter)
 12737 | D:11     | Reached skill level 5 in Dodging
 12977 | D:11     | Noticed a centaur warrior
 12987 | D:11     | Killed a centaur warrior
 13260 | D:11     | Reached XP level 12. HP: 89/91 MP: 12/12
 13706 | D:12     | Bought a scroll of teleportation for 33 gold pieces
 13706 | D:12     | Bought a scroll of enchant weapon for 82 gold pieces
 14067 | D:10     | a merfolk changed into a skyshark
 14067 | D:10     | Noticed a skyshark (glowing shapeshifter)
 15128 | Orc:2    | Noticed an orc high priest
 15140 | Orc:2    | HP: 3/90 [kobold blastminer/iron shot (30)]
 15155 | Orc:2    | Killed an orc high priest
 15384 | Orc:2    | Reached skill level 1 in Unarmed Combat
 15515 | Orc:2    | Noticed an orc high priest
 15526 | Orc:2    | Killed an orc high priest
 15566 | Orc:2    | Noticed an orc high priest
 15580 | Orc:2    | Killed an orc high priest
 16150 | Orc:2    | Found Reiri's General Store.
 16156 | Orc:2    | Found Soodulax's Book Emporium.
 16160 | Orc:2    | Bought a scroll of identify for 28 gold pieces
 16164 | Orc:2    | Found Xequschym's Antique Weapon Emporium.
 16169 | Orc:2    | Reached skill level 5 in Unarmed Combat
 16169 | Orc:2    | Found Lenareco's General Store.
 16378 | Orc:1    | Reached XP level 13. HP: 68/101 MP: 13/13
 16452 | Orc:1    | Noticed an orc warlord
 16458 | Orc:1    | Killed an orc warlord
 17079 | Lair:1   | Identified the +1 scale mail of the Battered Loafs {Dex+3}
 18021 | Lair:2   | Reached skill level 10 in Dodging
 18225 | Orc:2    | Bought a scroll of acquirement for 728 gold pieces
 18225 | Orc:2    | Acquired 1100 gold pieces
 18337 | Lair:2   | Bought a potion of heal wounds for 65 gold pieces
 18337 | Lair:2   | Bought a potion of curing for 39 gold pieces
 18337 | Lair:2   | Bought a potion of curing for 39 gold pieces
 18337 | Lair:2   | Bought a potion of cancellation for 104 gold pieces
 18337 | Lair:2   | Bought a potion of cancellation for 104 gold pieces
 18337 | Lair:2   | Bought a potion of heal wounds for 65 gold pieces
 19025 | Lair:3   | Found a staircase to the Shoals.
 19053 | Lair:3   | Found a hole to the Spider Nest.
 19376 | Lair:4   | Reached XP level 14. HP: 100/108 MP: 14/14
 19547 | Lair:4   | You are sucked into a shaft and drop 1 floor!
 19547 | Lair:5   | Entered Level 5 of the Lair of Beasts
 20635 | Lair:5   | Identified the +10 mace of Zyaleng {speed, rPois Dex+2}
 20649 | Lair:5   | Found a viscous altar of Jiyva.
 20656 | Lair:5   | Found a staircase to the Slime Pits.
 21572 | D:12     | Bought a potion of heal wounds for 165 gold pieces
 21574 | D:12     | Bought a scroll of fog for 44 gold pieces
 21574 | D:12     | Bought a scroll of immolation for 44 gold pieces
 21574 | D:12     | Bought a scroll of immolation for 44 gold pieces
 21574 | D:12     | Bought a scroll of fog for 44 gold pieces
 21839 | D:12     | Reached skill level 10 in Unarmed Combat
 22186 | D:13     | Found a gate to the Vaults.
 22186 | D:13     | Noticed Rupert
 22196 | D:13     | Reached XP level 15. HP: 94/113 MP: 15/15
 22204 | D:13     | Killed Rupert
 23227 | D:14     | Bought a ring of protection from cold for 400 gold pieces
 23607 | D:15     | Entered Level 15 of the Dungeon
 23757 | D:15     | Identified the +2 leather armour "Veuleivy" {Dex+5}
 23951 | D:15     | Found a staircase to the Depths.
 24068 | D:15     | Found a glowing golden altar of the Shining One.
 24353 | Spider:1 | Entered Level 1 of the Spider Nest
 24360 | Spider:1 | Reached XP level 16. HP: 120/120 MP: 16/16
 24739 | Spider:1 | Noticed Mlioglotl
 24747 | Spider:1 | Killed Mlioglotl
 24748 | Spider:1 | Reached skill level 15 in Dodging
 25110 | Spider:2 | Reached skill level 15 in Unarmed Combat
 26001 | Spider:3 | Noticed Azrael
 26011 | Spider:3 | Killed Azrael
 26400 | Spider:4 | Entered Level 4 of the Spider Nest
 26424 | Spider:4 | Noticed Arachne
 26472 | Spider:4 | Reached skill level 10 in Fighting
 26522 | Spider:4 | Noticed Kirke
 26524 | Spider:4 | Noticed a sphinx
 26529 | Spider:4 | Paralysed by a sphinx for 2 turns
 26532 | Spider:4 | Killed Kirke
 26533 | Spider:4 | Reached XP level 17. HP: 114/129 MP: 0/17
 26545 | Spider:4 | Killed Arachne
 26991 | Spider:4 | Identified the +3 sling of Beaj {heavy, Int+3 Dex+2}
 27290 | Spider:4 | Identified the -2 pair of boots "Ixuttuus" {Int+2}
 27299 | Spider:4 | Got a gossamer rune of Zot
 27645 | Shoals:1 | Entered Level 1 of the Shoals
 27710 | Shoals:1 | Found a frozen archway.
 27731 | IceCv    | Entered an ice cave
 28222 | Shoals:1 | Reached XP level 18. HP: 143/147 MP: 18/18
 28568 | Shoals:1 | Reached skill level 15 in Fighting
 28954 | Shoals:2 | Found Fidwant's Vocational Training.
 29029 | Shoals:2 | You are sucked into a shaft and drop 1 floor!
 29491 | Shoals:3 | Noticed Donald
 29510 | Shoals:3 | Killed Donald
 29739 | Shoals:3 | Noticed Ilsuiw
 29739 | Shoals:3 | Identified the +0 ring mail "Uhyaf" {MP-9 Str+4 Slay+3}
 29765 | Shoals:3 | Killed Ilsuiw
 29925 | Shoals:3 | Found the +7 great mace "Undeadhunter" {deathbane, rN+}
 29947 | Shoals:3 | Got Sif Muna's Directory of the Wendigo and Execration
 30126 | Shoals:4 | Entered Level 4 of the Shoals
 30386 | Shoals:4 | Found Zimytaut's Weapon Shoppe.
 30461 | Shoals:4 | Got a barnacled rune of Zot
 30526 | Shoals:4 | Reached XP level 19. HP: 50/157 MP: 19/19
 30749 | Shoals:4 | Identified the +2 falchion of the Owl {freeze, ^Contam rN+
                  | Str+4 SInv}
 30944 | Shoals:4 | Found Qaocow's Weapon Emporium.
 31419 | Elf:1    | Entered Level 1 of the Elven Halls
 31444 | Elf:1    | Acquired a manual of Unarmed Combat
 32137 | Elf:1    | Identified the +4 orcbow of Crusades {freeze, rF+ Dex+3}
 32213 | Elf:2    | Found Gafatigg's Distillery.
 32238 | Elf:2    | Found a runed translucent gate.
 32301 | Elf:2    | Bought a potion of might for 60 gold pieces
 32301 | Elf:2    | Bought a potion of cancellation for 120 gold pieces
 32301 | Elf:2    | Bought a potion of haste for 150 gold pieces
 32301 | Elf:2    | Bought a potion of heal wounds for 75 gold pieces
 32317 | Elf:2    | Found a runed translucent gate.
 32317 | Elf:2    | Found a runed translucent gate.
 32581 | Elf:2    | Found Sastrusi's Assorted Antiques.
 32585 | Elf:2    | Bought 3 scrolls labelled HUONOI YCUNAMN for 81 gold pieces
 32585 | Elf:2    | Bought a scroll of revelation for 202 gold pieces
 32670 | Elf:2    | Found Quin's Magic Scroll Boutique.
 32674 | Elf:2    | Found Xeareon's Weapon Shop.
 32736 | Elf:2    | Bought a scroll of revelation for 127 gold pieces
 32736 | Elf:2    | Bought a scroll of acquirement for 884 gold pieces
 32736 | Elf:2    | Bought a scroll of fear for 68 gold pieces
 32736 | Elf:2    | Acquired 539 gold pieces
 32779 | Elf:2    | Found Suojef's Assorted Antiques.
 33059 | Elf:3    | Entered Level 3 of the Elven Halls
 33118 | Elf:3    | Found Moept's Assorted Antiques.
 33434 | Elf:3    | Reached XP level 20. HP: 165/165 MP: 20/20
 33447 | Elf:3    | Identified the amulet of Vurch {Reflect Str+3 SH+5}
 33473 | Elf:3    | Identified the +7 scimitar of the Desert {flame, +Blink rF-
                  | Dex+4}
 33761 | Elf:3    | Identified the +2 trident of Drought {freeze, rPois rCorr}
 33763 | Elf:3    | Noticed Asterion
 33769 | Elf:3    | Killed Asterion
 33797 | Elf:3    | Identified the ring "Sosobywo" {Ice rN+}
 33814 | Elf:3    | Got the Grimoire of the Brume and Stones
 33820 | Elf:3    | Identified the +5 short sword of Urgency {venom, rF+}
 33826 | Elf:3    | Identified the death talisman of Yredelemnul's Outrage {rF-
                  | Int+2 Dex+4}
 33883 | Elf:3    | Identified the +3 fire dragon scales "Soheokaex" {rPois
                  | rF++ rC- rN+}
 33884 | Elf:3    | Identified the ring "Guisug" {Will+ MP+9 Str+5 Dex-3}
 33955 | Elf:3    | Identified the staff of Pituugh {rElec rPois Poison}
 34297 | Vaults:1 | Entered Level 1 of the Vaults
 34301 | Vaults:1 | Bought the ring "Tuver" {rPois rN+ Will+ Int+2 SInv} for
                  | 643 gold pieces
 34301 | Vaults:1 | Bought the ring "Faguan" {rPois rF+ rN+ MP+9 Str-2} for 611
                  | gold pieces
 34441 | Vaults:1 | Found a magical portal.
 34462 | WizLab   | Entered Maxwell's Workshop
 34572 | WizLab   | Identified the ring "Aryta" {Fire rN+ Str+2}
 34576 | WizLab   | Identified the ring "Rutikkuarph" {Ice rCorr}
 34874 | WizLab   | Noticed an electric golem
 34881 | WizLab   | Killed an electric golem
 34914 | WizLab   | Identified the ring of Qocw {Ice ^Drain rN+ Slay+2}
 34924 | WizLab   | Identified the ring "Agiveke" {Fire ^Drain Str+8 Int+2}
 34930 | WizLab   | Identified the +2 robe of the Six Ships {+Inv rPois
                  | Archmagi}
 35403 | Vaults:1 | Found Qoraics's Armour Shop.
 35509 | Vaults:1 | Reached XP level 21. HP: 164/171 MP: 21/21
 36005 | Vaults:2 | Found Jix Ajet's Antique Weapon Shoppe.
 36285 | Vaults:2 | Found Yzui's Magic Scroll Shoppe.
 36289 | Vaults:2 | Bought a scroll of blinking for 135 gold pieces
 36427 | Vaults:2 | Identified the +3 falchion "Fimnam" {venom, *Noise rElec
                  | rPois Will+}
 36442 | Vaults:2 | Found Veufouq's Armour Shoppe.
 36516 | Vaults:2 | Found a staircase to the Crypt.
 36593 | Vaults:2 | Reached skill level 27 in Shapeshifting
 36618 | Vaults:2 | Found Biwe's General Store.
 36624 | Vaults:2 | Found Anejosch's Weapon Emporium.
 36982 | Vaults:2 | Identified the serpent talisman of the Wonderful God {*Slow
                  | rC+ Will+ Str+2}
 36982 | Vaults:2 | Noticed Aizul
 36991 | Vaults:2 | Killed Aizul
 37099 | Vaults:2 | Reached skill level 27 in Dodging
 37168 | Vaults:3 | Noticed Frederick
 37176 | Vaults:3 | Killed Frederick
 37642 | Vaults:3 | Reached XP level 22. HP: 182/182 MP: 22/22
 38433 | Vaults:4 | Found Gozag's Assorted Antiques.
 38447 | Vaults:4 | Found Gozag's Antique Armour Shop.
 38483 | Vaults:4 | Found an opulent altar of Gozag.
 38483 | Vaults:4 | Found Gozag's Assorted Antiques.
 38706 | Vaults:4 | Bought a potion of might for 76 gold pieces
 38706 | Vaults:4 | Bought a potion of heal wounds for 95 gold pieces
 38706 | Vaults:4 | Bought a potion of heal wounds for 95 gold pieces
 38706 | Vaults:4 | Bought a potion of heal wounds for 95 gold pieces
 38706 | Vaults:4 | Bought a potion of might for 76 gold pieces
 38706 | Vaults:4 | Bought a potion of might for 76 gold pieces
 39828 | Vaults:5 | Entered Level 5 of the Vaults
 39923 | Vaults:5 | Reached XP level 23. HP: 182/194 MP: 23/23
 39986 | Vaults:5 | Identified the ring of Fun {rF+ rCorr}
 39995 | Vaults:5 | Identified the +0 leather armour "Ucunaesm" {rF+ Str+3
                  | Int+3}
 39996 | Vaults:5 | Noticed an ancient lich
 40006 | Vaults:5 | Killed an ancient lich
 40045 | Vaults:5 | Noticed Saint Roka
 40078 | Vaults:5 | Killed Saint Roka
 40311 | Vaults:5 | Identified the +6 quick blade "Ytaikept" {antimagic, *Noise
                  | rC+ rN++ Str+2}
 40338 | Vaults:5 | Identified the +5 mace "Dragonslayer" {drain, rCorr}
 40339 | Vaults:5 | Identified the +1 scale mail of Egalitarianism {Harm ^Drain
                  | rF+ Dex+2}
 40494 | Vaults:5 | Found the +6 arbalest "Damnation" {damnation}
 40496 | Vaults:5 | Identified the staff of Dawn {Ice Earth}
 40499 | Vaults:5 | Got a silver rune of Zot
 40614 | Vaults:5 | Noticed a dread lich
 40620 | Vaults:5 | Killed a dread lich
 40626 | Vaults:5 | Identified the +9 shortbow "Coutz" {drain, Dex+5}
 41110 | Vaults:5 | Identified the +2 leather armour of Grace {-Tele +Inv rCorr
                  | Dex+3}
 41368 | Depths:1 | Entered Level 1 of the Depths
 41368 | Depths:1 | Found a one-way gateway to a ziggurat.
 41377 | Zig:1    | Entered Level 1 of a ziggurat
 41391 | Zig:2    | Entered Level 2 of a ziggurat
 41392 | Zig:2    | Noticed Hatir the pandemonium lord
 41404 | Zig:2    | Killed Hatir the pandemonium lord
 41449 | Zig:3    | Entered Level 3 of a ziggurat
 41458 | Zig:3    | Identified the +10 plate armour of Daffodils {Will+ Str+4
                  | Slay-5}
 41468 | Zig:4    | Entered Level 4 of a ziggurat
 41519 | Zig:5    | Entered Level 5 of a ziggurat
 41529 | Zig:5    | Reached XP level 24. HP: 90/208 MP: 23/23
 41635 | Zig:6    | Entered Level 6 of a ziggurat
 41666 | Zig:6    | Identified the +9 great sword of the Big Bang {flame,
                  | Str+3}
 41676 | Zig:6    | Identified the ring of Xosop {rPois MP+9}
 41687 | Zig:7    | Entered Level 7 of a ziggurat
 41724 | Zig:7    | Got the Commentary on the Nauseating Gestalt
 41733 | Zig:7    | Identified the +2 ring mail of Wotucaiss {Dex+3}
 41735 | Zig:7    | Identified the +1 ring mail of Lust {Regen+ Stlth+}
 41756 | Zig:8    | Entered Level 8 of a ziggurat
 41804 | Zig:8    | Identified the staff "Xurph" {*Corrode rElec rF+ rC+ Str+3
                  | Ice}
 41826 | Zig:9    | Entered Level 9 of a ziggurat
 41932 | Zig:9    | Identified the amulet "Cuaroruo" {Faith Int-3 Dex+5}
 41937 | Zig:9    | Identified the ring "Guptuej" {rN+ MP+9}
 42054 | Depths:1 | Found a gateway to Hell.
 42145 | Depths:1 | Bought a scroll of fog for 60 gold pieces
 42145 | Depths:1 | Bought a scroll of fog for 60 gold pieces
 42145 | Depths:1 | Bought a scroll of blinking for 112 gold pieces
 42223 | Depths:1 | Bought a scroll of fear for 68 gold pieces
 42385 | Depths:1 | Found a one-way gate to the infinite horrors of the Abyss.
 42435 | Depths:1 | Noticed Bai Suzhen
 42448 | Depths:1 | Killed Bai Suzhen
 42538 | Depths:1 | Found a one-way gate leading to the halls of Pandemonium.
 42614 | Depths:1 | Found Hiusow's Antique Armour Emporium.
 42616 | Depths:1 | Noticed Norris
 42634 | Depths:1 | Killed Norris
 42976 | Depths:1 | Identified the ring of Lenulyta {+Blink Will+ Int+3 Dex+6}
 42977 | Depths:1 | Identified the ring "Doasyn Vepa" {Wiz rElec rN+++ Str-5}
 43225 | Depths:2 | Found a transporter.
 43350 | Depths:2 | Identified the ring of Happiness {Fire SInv Stlth+}
 43455 | Depths:2 | Found a transporter.
 43665 | Depths:2 | Identified the ring of Zosug {+Blink Fly}
 43711 | Depths:2 | Found Ereikh's General Store.
 43926 | Depths:2 | Identified the ring of Xamudehi {MP+9 Dex+2}
 43943 | Depths:2 | Reached XP level 25. HP: 221/221 MP: 23/23
 44059 | Depths:2 | Found Quck's Antique Weapon Emporium.
 44256 | Depths:3 | Found a runed translucent gate.
 44256 | Depths:3 | Found a runed translucent gate.
 44256 | Depths:3 | Found a runed translucent gate.
 44260 | Depths:3 | Noticed Picukuw's ghost (veteran MfSu)
 44260 | Depths:3 | Noticed Anlups's ghost (veteran SpHu)
 44451 | Depths:3 | Found a glowing silver altar of Zin.
 44676 | Depths:3 | Identified the +7 dagger of Responsibility {venom, rF+
                  | Str-4 Dex+5}
 44779 | Depths:3 | Got the Elucidation of Charnel Space
 44780 | Depths:3 | Identified the +3 chain mail "Koonguw" {Slay+4}
 44859 | Depths:3 | Got the Volume of Lofty Unhallowed Arts
 44860 | Depths:3 | Identified the +6 trident of Qetouku {freeze, *Noise rF+++
                  | rC+ Will+}
 44982 | Depths:4 | Entered Level 4 of the Depths
 45012 | Depths:4 | Found a corrupted altar of Lugonu.
 45018 | Depths:4 | Found a gate to the Realm of Zot.
 45064 | Depths:4 | Identified the +9 mace of Distant Worlds {speed, rN+}
 45400 | Depths:4 | Noticed a juggernaut
 45404 | Depths:4 | Killed a juggernaut
 45573 | Depths:4 | Found Udifuv's One-of-a-Kind Books.
 45655 | Depths:4 | Noticed a juggernaut
 45661 | Depths:4 | Killed a juggernaut
 46036 | Depths:4 | Found Boutuiw's Magic Scroll Shop.
 46082 | Zot:1    | Entered Level 1 of the Realm of Zot
 46197 | Zot:1    | Reached XP level 26. HP: 164/235 MP: 23/23
 46223 | Zot:1    | Reached skill level 27 in Unarmed Combat
 46683 | Zot:3    | Noticed a Killer Klown
 46696 | Zot:3    | Killed a Killer Klown
 46777 | Zot:4    | Reached skill level 27 in Fighting
 46777 | Zot:4    | Reached skill level 1 in Stealth
 46862 | Zot:4    | Reached skill level 5 in Stealth
 47103 | Zot:4    | Acquired the amulet "Tikywi" {Spirit ^Fragile rF+ rC+
                  | Dex+4}
 47585 | Zot:4    | Reached skill level 10 in Stealth
 47762 | Zot:5    | Entered Level 5 of the Realm of Zot
 47840 | Zot:5    | Noticed an orb of fire
 47848 | Zot:5    | Reached XP level 27. HP: 249/249 MP: 23/23
 48024 | Zot:5    | Noticed an ancient lich
 48027 | Zot:5    | Noticed an ancient lich
 48027 | Zot:5    | Noticed a dread lich
 48027 | Zot:5    | Noticed an orb of fire
 48027 | Zot:5    | Noticed an ancient lich
 48030 | Zot:5    | Noticed an ancient lich
 48033 | Zot:5    | Killed a dread lich
 48042 | Zot:5    | Killed a dread lich
 48045 | Zot:5    | Killed an ancient lich
 48052 | Zot:5    | Noticed an ancient lich
 48057 | Zot:5    | Killed an ancient lich
 48061 | Zot:5    | Killed an ancient lich
 48062 | Zot:5    | Killed an ancient lich
 48062 | Zot:5    | Killed an ancient lich
 48073 | Zot:5    | Noticed an ancient lich
 48074 | Zot:5    | Noticed a dread lich
 48077 | Zot:5    | Got the Orb of Zot
 48080 | Zot:5    | Killed an ancient lich
 48082 | Zot:5    | Killed a dread lich
 48100 | Zot:5    | Killed an ancient lich
 48100 | Zot:5    | Killed a dread lich
 48101 | Zot:5    | Reached skill level 15 in Stealth
 48232 | Depths:3 | Gained mutation: Your body sometimes deteriorates upon
                  | taking damage. [a neqoxec]
 48296 | D:15     | Noticed Ruigyi the pandemonium lord
 48300 | D:15     | Killed Ruigyi the pandemonium lord
 48341 | D:14     | Noticed Tuudau the pandemonium lord
 48358 | D:14     | Killed Tuudau the pandemonium lord
 48658 | D:10     | Noticed Xuzeymoc the pandemonium lord
 48664 | D:10     | Killed Xuzeymoc the pandemonium lord
 48820 | D:5      | Noticed Ikexowidy the pandemonium lord
 48836 | D:5      | Killed Ikexowidy the pandemonium lord
 48894 | D:$      | Escaped with the Orb!

Illustrated notes

Levels and vault maps discovered:
D:1:      dpeg_arrival_boxorama, layout_rooms, chequers_ecumenical_altar_simple,
          serial_corexii_hall, chequers_hall_statues_y, corexii_hall_statues_s,
          corexii_hall_statues_i, corexii_hall_statues_i
D:2:      layout_basic, serial_shops, shop, minmay_fractal_squares_gapless_5
D:3:      layout_basic, grunt_temple_overflow_lords_of_destruction,
          lemuel_round_altar, minivault_19, kennysheep_generic_room_3
D:4:      gammafunk_steamed_eel, layout_gridville, kennysheep_mini_moat,
          mainiacjoe_overflow_brackets, minmay_temple_entry_proselytizer,
          uniq_duvessa, uniq_edmund
D:5:      lemuel_insect_pit, layout_basic, uniq_blork_the_orc
D:6:      layout_basic, mainiacjoe_overflow_surrounded_room
D:7:      layout_loops_cross, zin_statuary, nicolae_gozag_zags_fifth_avenue,
          enter_bailey_3, serial_shops, nicolae_lakefront_shop, uniq_jeremiah
D:8:      layout_loops_ring, gammafunk_temple_overflow_elements,
          ashenzari_altar_1, minmay_misc_feat_room, skrybe_limestone_x,
          uniq_erica, uniq_prince_ribbit1, uniq_psyche
D:9:      hellmonk_ruined_rings, layout_basic, uniq_maggie
D:10:     layout_cave_pools, lair_entry_dummy, zombieorc2_lemuel,
          ploomutoo_gammafunk_ghost_potion_laboratory, uniq_lodul, uniq_urug
D:11:     layout_irregular_city, serial_column_ruins, column_ruins_grid_2,
          column_ruins_open_tiny_water, column_ruins_grid_3,
          column_ruins_grid_2, column_ruins_open_small, column_ruins_open_tiny
D:12:     layout_gridville, minmay_fire_ice_demons
D:13:     layout_basic, erik_vaults_2, argonaut_gorgonesque, uniq_rupert
D:14:     layout_loops_cross, nicolae_eternal_life
D:15:     hangedman_depths_entry_civil_slaughter, layout_rooms,
          nicolae_tso_swordbearing_angel
Temple:   grunt_temple_mini_profane
Lair:1:   layout_small_grid
Lair:2:   layout_loops_ring, patterned_corridor, grunt_megastairs_1,
          lemuel_fruit_tree
Lair:3:   layout_loops_ring, shoals_dummy_entry, dummy_spider_entry,
          beast_lair_carwin_10, serial_bayou_shore_b
Lair:4:   layout_regular_city, grunt_megastairs_2, lemuel_fruit_fields,
          infiniplex_staircase_pool_2
Lair:5:   hangedman_lair_caniforms_friends, layout_long_grid,
          dpeg_slime_entry_corner, serial_bayou_shore_b
Shoals:1: layout_shoals, portal_ice_cave_entry_pillars_1
Shoals:2: layout_shoals, nicolae_shop_vocational
Shoals:3: layout_shoals, minmay_shop_mayhem, nicolae_shoals_secluded_bog,
          uniq_donald, uniq_ilsuiw
Shoals:4: shoals_end_grunt_ice, layout_shoals, shoals_ilsuiw_alternative,
          serial_shops, shop, nicolae_shop_peninsula
Spider:1: layout_spider_delve, uniq_mlioglotl
Spider:2: layout_spider_delve, hangedman_spider_tarantella_strand
Spider:3: layout_spider_delve, uniq_azrael
Spider:4: floodkiller_spider_rune_tomb, hive_lemuel, uniq_kirke, uniq_arachne
Orc:1:    layout_diamond_mine, hellmonk_guarded_unrand_dark_maul
Orc:2:    st_orc_elflike, layout_caves, basic_altar
Elf:1:    layout_gridlike, hangedman_elven_crosses_minicolossus, drop_trap,
          nicolae_letterblocks [nicolae_letter_subblock,
          nicolae_letter_subblock, nicolae_letter_subblock,
          nicolae_letter_subblock, nicolae_letter_subblock,
          nicolae_letter_subblock, nicolae_letter_subblock,
          nicolae_letter_subblock, nicolae_letter_subblock,
          nicolae_letter_subblock, nicolae_letter_subblock,
          nicolae_letter_subblock, nicolae_letter_subblock,
          nicolae_letter_subblock, nicolae_letter_subblock,
          nicolae_letter_subblock, nicolae_letter_subblock,
          nicolae_letter_subblock, nicolae_letter_subblock,
          nicolae_letter_subblock, nicolae_letter_subblock,
          nicolae_letter_subblock, nicolae_letter_subblock,
          nicolae_letter_subblock, nicolae_letter_subblock]
Elf:2:    nicolae_elf_blades_splatter_lattice
          [nicolae_vaults_blade_armed_guards], layout_onion_city, serial_shops,
          nicolae_shop_tiny_statue_garden, nicolae_shop_waterfront, shop,
          nicolae_shop_stone, shop
Elf:3:    grunt_elf_hall_diamonds, layout_geoelf_octagon, serial_shops,
          nicolae_shop_waterfront, uniq_asterion
Vaults:1: lightli_enter_wizlab_magi_temple, grunt_vaults_hallway_short,
          nicolae_vaults_more_shelving_2, nicolae_vaults_storage_closets_2,
          nicolae_vaults_ninety_degrees, nicolae_vaults_security_offices_2,
          nicolae_vaults_heart-shaped_vault, v_misc_27, vaults_room_pools,
          nicolae_vaults_diagonal_hallway_6, vaults_room_stairs_pillars,
          nicolae_vaults_taking_the_gang_shopping, layout_vaults_big_cross
Vaults:2: blue_anna_dwarven_crypt, nicolae_vaults_little_squares_6,
          ontoclasm_vaults_tryst, nicolae_vaults_oval_intersection,
          nicolae_vaults_double_plus_1, nicolae_vaults_circle_grid_b,
          nicolae_vaults_closet_pinwheel_1, v_rooms_4,
          nicolae_vaults_octothorpe, nicolae_vaults_surprise_closet,
          nicolae_vaults_sightless_eye, dpeg_vaults_monster_row,
          ontoclasm_vaults_idyll, vaults_mumra_chevron,
          nicolae_vaults_yaktaur_gun_rack, nicolae_vaults_apartment_1,
          layout_vaults_omnibox, serial_shops, shop, shop,
          nicolae_shop_scrapyard, shop, shop, uniq_aizul
Vaults:3: nicolae_vaults_thirteen_compartments, nicolae_vaults_sesquioval_fish,
          nicolae_vaults_closet_pinwheel_6, nicolae_vaults_apartment_1,
          vaults_room_fours, nicolae_vaults_layer_cake_slice,
          vaults_room_octagon, hangedman_vaults_maws, vaults_room_pool,
          v_misc_29, nicolae_vaults_closet_pinwheel_2, grunt_vaults_diagonal,
          layout_vaults_maze_snakey, uniq_frederick
Vaults:4: hangedman_vaults_river_flow, v_misc_18,
          nicolae_vaults_closet_pinwheel_3, v_misc_5,
          nicolae_vaults_specimen_jars, nicolae_vaults_little_squares_1,
          nicolae_vaults_turnstiles, kennysheep_vaults_gozag_temple,
          nicolae_vaults_heart-shaped_vault, nicolae_vaults_hexular_roomagon,
          nicolae_vaults_little_squares_2, ontoclasm_vaults_gateway,
          layout_vaults_chaotic_city
Vaults:5: uniq_saint_roka
Depths:1: layout_gridlike, enter_ziggurat_d, roderic_lattice_a, serial_shops,
          nicolae_take_the_stairs, hell_entry, abyss_entry,
          grunt_pan_entry_zigzag, hangedman_decor_riveting, horrible_house_mu,
          uniq_bai_suzhen, uniq_norris
Depths:2: hangedman_spin_cycle, hell_entry, abyss_entry, pan_entry
Depths:3: minmay_tearing_corner, layout_cave_pools, hell_entry,
          minmay_room_of_horrors, basic_altar, gammafunk_ghost_cemetery,
          kennysheep_generic_room_7
Depths:4: grunt_zot_entry_tricorne, layout_honeycomb, abyss_entry_flame_altar,
          pf_coc_iceberg, serial_shops, nicolae_shop_rolled_up,
          serial_bayou_shore_b, nicolae_rare_books
Zot:1:    layout_cathedral_of_symmetry
Zot:2:    layout_cathedral_of_symmetry, regret_index_zotdec_magical_s
Zot:3:    gammafunk_mikee_crab_dinner, layout_concentric_octagons
Zot:4:    regret_index_malice_mire, layout_basic
Zot:5:    layout_gridville, st_stairs_6

Skill      XL: |  1  2  3  4  5  6  7  8  9 10 11 12 13 14 15 16 17 18 19 20 21 22 23 24 25 26 27 |
---------------+----------------------------------------------------------------------------------+-----
Polearms       | 3 4 5 6 8 9 |  9.1
Fighting       | 4 5 6 7 9 10 14 16 17 19 21 23 25 27 | 27.0
Shapeshifting  | 3 8 12 15 18 19 22 23 25 27 | 27.0
Dodging        | 4 6 7 10 12 14 16 18 21 25 26 27 | 27.0
Unarmed Combat | 5 6 10 14 16 18 21 23 25 26 27 | 27.0
Stealth        | 11 17 | 17.8
Armour         | |  2.1
Shields        | |  3.0

Action                     |  1- 3 |  4- 6 |  7- 9 | 10-12 | 13-15 | 16-18 | 19-21 | 22-24 | 25-27 || total
---------------------------+-------+-------+-------+-------+-------+-------+-------+-------+-------++-------
  Melee: Trident           |    94 |   122 |   398 |   332 |       |       |       |       |       ||   946
         Tailslap          |       |       |     4 |       |       |       |       |       |       ||     4
         Demon trident     |       |       |       |   274 |       |       |       |       |       ||   274
         Unarmed           |       |       |       |    41 |   537 |   660 |   838 |   865 |   716 ||  3657
         Punch             |       |       |       |       |    23 |    55 |    96 |   146 |   148 ||   468
  Throw: Dart              |       |       |       |     6 |       |       |       |       |       ||     6
         Throwing net      |       |       |       |     3 |       |       |       |       |       ||     3
 Invoke: Potion Petition   |       |       |     1 |     4 |       |     1 |       |       |     2 ||     8
         Call Merchant     |       |       |       |     1 |     3 |     2 |     2 |     4 |       ||    12
         Bribe Branch      |       |       |       |       |       |       |       |       |     2 ||     2
Ability: Blinkbolt         |       |       |       |     9 |    82 |    90 |    84 |    70 |    45 ||   380
  Evoke: Wand              |       |    18 |    27 |     2 |     5 |       |     1 |     1 |       ||    54
         Condenser vane    |       |       |       |       |     1 |       |       |       |       ||     1
    Use: Scroll            |     4 |     3 |     8 |    21 |     8 |     5 |     9 |     1 |    15 ||    74
         Potion            |       |       |     9 |    16 |     2 |    10 |    10 |     8 |     2 ||    57
   Stab: Distracted        |       |       |     2 |     2 |     5 |     9 |    14 |    14 |    23 ||    69
         Held in net/web   |       |       |       |     1 |       |       |       |       |       ||     1
         Petrified         |       |       |       |       |     2 |       |       |       |       ||     2
         Sleeping          |       |       |       |       |     1 |       |       |     1 |     1 ||     3
         Invisible         |       |       |       |       |       |       |     5 |       |       ||     5
 Armour: Scale mail        |    46 |    57 |   260 |    45 |       |       |       |       |       ||   408
         Swamp dragon scal |       |       |       |   300 |     8 |       |       |       |       ||   308
         Skin              |       |       |       |    17 |   125 |   189 |   159 |   113 |   144 ||   747
  Dodge: Dodged            |    35 |    32 |   121 |   257 |   683 |   906 |   906 |   816 |   775 ||  4531
  Block: Buckler           |     9 |    18 |    82 |    98 |       |       |       |       |       ||   207
         Other             |       |       |       |       |    22 |       |       |       |       ||    22
   Form: Storm             |       |       |       |     1 |     1 |       |       |       |       ||     2
                           |       |       |       |       |     1 |       |       |       |       ||     1

Table legend: (Time is in decaauts)
 A = Elapsed time spent in this place.
 B = Non-inter-level travel time spent in this place.
 C = Inter-level travel time spent in this place.
 D = Time resting spent in this place.
 E = Time spent auto-exploring this place.
 F = Levels seen in this place.
 G = Mean time per level.
                   A        B        C        D        E       F      G
               +--------+--------+--------+--------+--------+-----+--------+
         Total |  47422 |  41762 |   5660 |   3330 |  29727 |  60 |  790.4 |
       Dungeon |  16458 |  13654 |   2804 |   1834 |   9291 |  15 | 1097.2 |
        Temple |      1 |      1 |      0 |      0 |      0 |   1 |    1.0 |
          Lair |   4695 |   4290 |    405 |      0 |   3593 |   5 |  939.0 |
        Shoals |   3174 |   2967 |    207 |     12 |   2381 |   4 |  793.5 |
   Spider Nest |   3132 |   2918 |    214 |    174 |   2178 |   4 |  783.0 |
  Orcish Mines |   3120 |   2217 |    903 |    913 |    883 |   2 | 1560.0 |
   Elven Halls |   2706 |   2464 |    242 |     92 |   1845 |   3 |  902.0 |
        Vaults |   6050 |   5731 |    319 |    108 |   4349 |   5 | 1210.0 |
        Depths |   4021 |   3726 |    295 |      0 |   3020 |   4 | 1005.2 |
           Zot |   1907 |   1639 |    268 |     53 |   1003 |   5 |  381.4 |
      Ziggurat |    511 |    511 |      0 |      0 |    309 |   9 |   56.8 |
        Bailey |    693 |    693 |      0 |     25 |    436 |   1 |  693.0 |
      Ice Cave |    413 |    413 |      0 |    119 |    165 |   1 |  413.0 |
        Wizlab |    535 |    535 |      0 |      0 |    272 |   1 |  535.0 |
               +--------+--------+--------+--------+--------+-----+--------+

Top non-repeatable levels by time:
    D:10: 2522 daAuts
   Orc:2: 2050 daAuts
     D:5: 1732 daAuts
Vaults:4: 1489 daAuts
    D:11: 1325 daAuts
Vaults:3: 1200 daAuts
  Lair:5: 1173 daAuts
Depths:1: 1168 daAuts
Vaults:2: 1155 daAuts
     D:8: 1131 daAuts
Shoals:4: 1125 daAuts
Vaults:1: 1119 daAuts
Vaults:5: 1085 daAuts
Depths:4: 1084 daAuts
   Orc:1: 1070 daAuts
